 Dungeon Crawl Stone Soup version 0.20.1-1-g8b1a95d (webtiles) character file.

382929 Thaneod the Slayer (level 21, -1/222 HPs)
             Began as a Minotaur Berserker on Sept 4, 2017.
             Was a High Priest of Trog.
             Slain by a ghostly titanic slime creature (70 damage)
             ... on level 1 of the Vaults.
             The game lasted 02:35:17 (41219 turns).

Thaneod the Slayer (Minotaur Berserker)            Turns: 41219, Time: 02:35:17

Health: -1/222     AC: 32    Str: 34    XL:     21   Next: 94%
Magic:  0/20       EV: 15    Int:  4    God:    Trog [*****.]
Gold:   2724       SH: 27    Dex: 13    Spells: 20/20 levels left

rFire    . . .     SeeInvis .   M - +2 war axe (vamp)
rCold    . . .     Gourm    .   Z - +0 large shield {AC+3}
rNeg     + . .     Faith    .   S - +2 plate armour {rPois}
rPois    +         Spirit   +   v - +2 hat of the Bear Spirit {Spirit, +Rage rN+ MR++}
rElec    .         Reflect  +   A - +1 cloak
rCorr    .         Harm     .   N - +0 pair of gloves {Dex+3}
MR       +++++                  W - +1 pair of boots
Stlth    ..........             s - +3 amulet of reflection
Regen    1.5/turn               V - ring of protection from magic
MPRegen  0.2/turn               a - +4 ring of strength

@: regenerating
A: retaliatory headbutt, horns 2, clumsy 1
}: 2/15 runes: serpentine, barnacled
a: Berserk, Trog's Hand, Brothers in Arms, Burn Spellbooks, Renounce Religion,
Evoke Berserk Rage


You were on level 1 of the Vaults.
You worshipped Trog.
Trog was extremely pleased with you.
You were not hungry.

You visited 7 branches of the dungeon, and saw 35 of its levels.
You also visited: Bailey and Volcano.

You collected 4235 gold pieces.
You spent 1511 gold pieces at shops.

Inventory:

Hand Weapons
 q - a +7 antimagic hand axe
 M - a +2 vampiric war axe (weapon)
Armour
 v - the +2 hat of the Bear Spirit (worn) {Spirit, +Rage rN+ MR++}
   (You bought it in a shop on level 2 of the Orcish Mines)

   It protects you from negative energy.
   It affects your resistance to hostile enchantments.
   It lets you go berserk.
 A - a +1 cloak (worn)
 N - a +0 pair of gloves of dexterity (worn)
 S - a +2 plate armour of poison resistance (worn)
 W - a +1 pair of boots (worn)
 Z - a +0 large shield of protection (worn)
Jewellery
 a - a +4 ring of strength (right hand)
 s - a +3 amulet of reflection (around neck)
 V - a ring of protection from magic (left hand)
Scrolls
 b - 5 scrolls of teleportation
 d - a scroll of brand weapon
 f - 17 scrolls of remove curse
 i - 4 scrolls of fear
 j - 6 scrolls of fog
 o - 7 scrolls of recharging
 y - 5 scrolls of enchant weapon
 C - 6 scrolls of immolation
 F - 6 scrolls of magic mapping
 G - 3 scrolls of summoning
 I - 6 scrolls of blinking
 K - 7 scrolls of enchant armour
 P - a scroll of acquirement {unknown}
Potions
 e - 3 potions of magic
 g - 3 potions of berserk rage
 l - 4 potions of ambrosia
 m - a potion of invisibility
 n - 8 potions of flight
 p - 3 potions of resistance
 r - 8 potions of mutation
 t - 6 potions of heal wounds
 x - 6 potions of lignification
 z - 9 potions of agility
 J - 3 potions of might
 O - 10 potions of curing
 Q - 2 potions of cancellation
 R - 4 potions of haste
 Y - 2 potions of brilliance
Comestibles
 c - 23 bread rations
 h - 4 chunks of flesh
 k - 24 royal jellies
 u - a meat ration
 X - 13 fruits


   Skills:
 + Level 26.3 Fighting
 - Level 18.1 Axes
 - Level 17.6 Armour
 - Level 14.3 Dodging
 - Level 17.5 Shields


You had 20 spell levels left.
You didn't know any spells.

Dungeon Overview and Level Annotations

Branches:
Dungeon (15/15)            Temple (0/1) D:6            Lair (6/6) D:11
 Shoals (4/4) Lair:3        Snake (4/4) Lair:3        Slime (0/5) Lair:6
    Orc (2/2) D:12            Elf (3/3) Orc:2        Vaults (1/5) D:13
 Depths (0/5) D:15

Altars:
Ashenzari
Dithmenos
Elyvilon
Fedhas
Kikubaaqudgha
Makhleb
Nemelex Xobeh
Qazlal
Ru
Sif Muna
Vehumet
Xom
Zin
The Shining One
Beogh
Jiyva

Shops:
D:8 :   D:14 [   Orc:1 }[   Orc:2 :*[(   Elf:1 (   Elf:2 [(   Elf:3 }=}
Shoals:4 %   Snake:3 !   Snake:4 [=[   Vaults:1 %


Innate Abilities, Weirdness & Mutations

You reflexively headbutt those who attack you in melee.
You have a pair of horns on your head.
You are clumsy. (Dex -2)


Message History

The ghostly titanic slime creature is lightly damaged.
You hit the red devil but do no damage.
The ghostly titanic slime creature closely misses you.
The deep elf death mage casts a spell at you.
The bolt of negative energy hits the ghostly titanic slime creature.
The ghostly titanic slime creature completely resists.
The bolt of negative energy misses you.
You slash the ghostly titanic slime creature!
You headbutt the ghostly titanic slime creature!!
The ghostly titanic slime creature is lightly damaged.
You closely miss the red devil.
There is an open door here.
Your skin crawls.
You feel resistant to hostile enchantments.
You feel somewhat more hungry.
The ghostly titanic slime creature hits you!!!!
You hit the ghostly titanic slime creature but do no damage.
The ghostly titanic slime creature is lightly damaged.
The ghostly titanic slime creature hits you!!!!
You die...

#.......#
#.......#
#######'########
#.......#.....#
#.......#.....#
#.......#e4E..##
#.......#hcoE.'.
#......^#ee4.o#
#######@#.eo4.#
+.Jp4h2o#
#+#######


You could see an ironheart preserver, a blizzard demon, a ghostly titanic slime
creature, a warg, a red devil and an orc.

Vanquished Creatures
  Saint Roka (Elf:1)
  Asterion (Elf:2)
  A deep elf master archer (Elf:3)
  2 deep elf blademasters (Elf:3)
  Gastronok (Lair:3)
  The ghost of manyhoops the Stormcaller, an adept DgAE (Snake:3)
  19 nagarajas
  Ilsuiw (Shoals:4)
  Aizul (Elf:1)
  2 vault wardens (Vaults:1)
  6 deep elf elementalists
  5 deep elf sorcerers
  The ghost of Thaneod the Warrior, a journeyman MiBe of Trog (Lair:5)
  An orc warlord (Bailey)
  An ironheart preserver (Vaults:1)
  6 deep elf demonologists (Elf:3)
  7 deep elf annihilators
  An ettin (D:12)
  A merfolk javelineer (Shoals:4)
  5 deep elf high priests
  11 deep elf death magi
  Josephine (D:15)
  7 merfolk impalers
  Fannar (Lair:3)
  5 hydras
  2 yaktaur captains
  An ice dragon (Vaults:1)
  12 naga warriors
  Harold (Lair:2)
  2 catoblepae
  5 centaur warriors
  4 merfolk avatars
  6 anacondas
  Erica (Lair:2)
  34 dancing weapons
  Urug (D:10)
  2 ogre magi
  2 death yaks (Shoals:2)
  A tengu warrior (D:15)
  2 small abominations (Elf:3)
  4 satyrs (Shoals:3)
  12 two-headed ogres
  4 merfolk aquamancers
  A shock serpent (shapeshifter) (D:14)
  An orc high priest (Orc:2)
  8 naga sharpshooters
  Sonja (D:12)
  2 shock serpents
  17 deep elf knights
  3 salamander mystics
  A fire crab (shapeshifter) (D:15)
  A fire crab (Lair:6)
  3 unseen horrors
  7 naga ritualists
  7 sea snakes
  A glowing orange brain (D:15)
  7 wizards
  13 deep elf archers
  2 ironbrand convokers (Vaults:1)
  3 orc knights
  A wolf spider zombie (D:12)
  9 mana vipers
  A lindwurm (shapeshifter) (D:15)
  2 lindwurms
  A wolf spider (Vaults:1)
  5 harpies
  20 ugly things
  10 manticores
  6 orc sorcerers
  66 deep elf magi
  25 fauns
  9 cyclopes
  A manticore (shapeshifter) (D:15)
  16 salamanders
  5 toenail golems (Volcano)
  28 black mambas
  15 naga magi
  The ghost of flestrin the Destroyer, a novice OpCj (D:6)
  Maurice (Orc:1)
  3 molten gargoyles (Lair:6)
  A merfolk siren (Shoals:4)
  6 water nymphs
  3 vault sentinels (Vaults:1)
  22 guardian serpents
  2 spiny frogs (shapeshifter) (D:15)
  A gargoyle (D:12)
  A freezing wraith (D:15)
  8 spiny frogs
  An efreet (D:15)
  3 rime drakes
  10 komodo dragons
  7 yaktaurs
  3 meliai (Lair:5)
  22 merfolk
  A queen bee (Lair:5)
  6 trolls
  8 wind drakes
  3 hornets
  7 blink frogs (Lair:2)
  A polar bear (Lair:5)
  11 dream sheep
  9 snapping turtles
  13 hippogriffs
  10 slime creatures
  A redback (shapeshifter) (Elf:3)
  3 air elementals
  A vampire (Vaults:1)
  6 wraiths
  A shadow (D:15)
  A human (D:10)
  A spriggan (shapeshifter) (D:15)
  3 hogs (D:10)
  10 wyverns
  66 yaks
  9 basilisks
  14 water elementals
  3 fire elementals
  2 steam dragons (Lair:6)
  A harpy simulacrum (Vaults:1)
  A steam dragon (shapeshifter) (Elf:2)
  A hungry ghost (D:7)
  8 vampire mosquitoes
  Menkaure (D:7)
  9 wargs
  An insubstantial wisp (Lair:1)
  50 nagas
  2 soldier ants (shapeshifter)
  A swamp worm (shapeshifter) (D:15)
  A soldier ant (D:15)
  5 acid dragons
  11 water moccasins
  The ghost of beigtais the Conjurer, an amateur DECj (D:5)
  3 hell hounds (Lair:6)
  39 orc warriors
  9 porcupines
  A swamp drake (Lair:1)
  2 black bears
  3 ice beasts
  15 ogres
  3 sky beasts
  5 boggarts
  An eye of draining (D:15)
  10 wolves
  9 centaurs
  18 crocodiles
  2 big kobolds (D:10)
  2 earth elementals
  14 bullfrogs
  4 wyvern skeletons
  3 scorpions
  24 killer bees
  A water moccasin skeleton (D:8)
  7 wights
  3 electric eels
  5 howler monkeys
  5 lava snakes (Lair:6)
  6 crimson imps
  2 bullfrog zombies
  3 quasits
  A centaur zombie (D:10)
  3 bullfrog skeletons
  9 hounds
  4 jellies
  20 orc priests
  28 orc wizards
  3 centaur skeletons
  Jessica (D:2)
  9 iguanas
  11 worker ants
  2 hound skeletons
  9 gnolls (Bailey)
  2 howler monkey skeletons
  13 adders
  4 shadow imps
  An ooze (D:2)
  An adder skeleton (D:7)
  3 adder zombies
  2 worms (D:3)
  6 dart slugs
  7 leopard geckos
  67 orcs
  2 ball pythons
  5 bats
  5 giant cockroaches
  28 goblins
  17 hobgoblins
  7 jackals
  3 quokkas
  8 frilled lizards
  13 kobolds
  5 rats
  2 crawling corpses (Elf:3)
  4 fungi
  31 plants
1396 creatures vanquished.

Vanquished Creatures (collateral kills)
  A fire dragon (Lair:6)
  A tengu warrior (D:12)
  2 unseen horrors (D:12)
  An orc knight (D:12)
  2 cyclopes (D:12)
7 creatures vanquished.

Vanquished Creatures (others)
  A deep elf master archer (Elf:3)
  Polyphemus (Shoals:2)
  Nessos (Orc:2)
  2 merfolk javelineers (Shoals:4)
  A naga warrior (Snake:2)
  A centaur warrior (Shoals:2)
  4 satyrs (Shoals:4)
  A merfolk aquamancer (Shoals:4)
  2 deep elf knights
  A naga sharpshooter (Snake:4)
  An unseen horror (D:12)
  4 deep elf archers
  5 fauns
  2 deep elf magi
  2 cyclopes
  A naga mage (Snake:2)
  A merfolk (Shoals:4)
  A naga (Snake:4)
  3 centaurs
  A bullfrog (D:15)
  3 fungi
  49 plants
88 creatures vanquished.

Grand Total: 1491 creatures vanquished

Notes
Turn   | Place    | Note
-------+----------+-------------------------------------------
     0 | D:1      | Thaneod the Minotaur Berserker began the quest for the Orb.
     0 | D:1      | Reached XP level 1. HP: 19/19 MP: 0/0
    21 | D:1      | Reached skill level 4 in Fighting
    77 | D:1      | Reached XP level 2. HP: 23/28 MP: 1/1
   599 | D:2      | Reached skill level 5 in Fighting
   599 | D:2      | Reached XP level 3. HP: 27/36 MP: 2/2
   691 | D:2      | Noticed Jessica
   697 | D:2      | Killed Jessica
  1011 | D:2      | Reached XP level 4. HP: 39/44 MP: 3/3
  1055 | D:2      | Reached skill level 6 in Fighting
  1130 | D:2      | Found a transporter.
  1146 | D:2      | Found a transporter.
  1149 | D:2      | Found a radiant altar of Vehumet.
  1155 | D:2      | Reached ** piety under Trog
  1158 | D:2      | Reached skill level 7 in Fighting
  1158 | D:2      | Reached XP level 5. HP: 43/52 MP: 4/4
  1962 | D:3      | Found a burning altar of Makhleb.
  2140 | D:4      | Reached skill level 8 in Fighting
  2140 | D:4      | Reached XP level 6. HP: 57/61 MP: 5/5
  2352 | D:4      | Reached skill level 9 in Fighting
  2405 | D:4      | Got an ominously black robe
  3169 | D:5      | Entered Level 5 of the Dungeon
  3173 | D:5      | You fall through a shaft for 3 floors!
  3218 | D:8      | Reached skill level 1 in Shields
  3218 | D:8      | Reached XP level 7. HP: 69/70 MP: 6/6
  3382 | D:8      | Got a faintly humming robe
  3406 | D:8      | Noticed a hippogriff
  3412 | D:8      | Killed a hippogriff
  3412 | D:8      | Reached skill level 5 in Shields
  3426 | D:8      | Reached *** piety under Trog
  3488 | D:8      | Reached XP level 8. HP: 55/78 MP: 7/7
  3667 | D:8      | Found an ancient bone altar of Kikubaaqudgha.
  3827 | D:8      | Found a sparkling altar of Nemelex Xobeh.
  3943 | D:8      | Found Uduassat's Book Shoppe.
  3961 | D:8      | Found a glowing golden altar of the Shining One.
  4081 | D:7      | Noticed a hippogriff
  4090 | D:7      | Killed a hippogriff
  4344 | D:7      | Reached skill level 10 in Fighting
  4408 | D:7      | Reached skill level 5 in Armour
  4773 | D:7      | Noticed Menkaure
  4779 | D:7      | Killed Menkaure
  4779 | D:7      | Reached XP level 9. HP: 86/86 MP: 8/8
  4908 | D:7      | Reached skill level 5 in Dodging
  5150 | D:7      | Reached skill level 11 in Fighting
  5222 | D:7      | Found a shadowy altar of Dithmenos.
  5223 | D:7      | Found a white marble altar of Elyvilon.
  5238 | D:7      | Found a stormy altar of Qazlal.
  5241 | D:7      | Found a glowing silver altar of Zin.
  5381 | D:6      | Reached **** piety under Trog
  5478 | D:6      | Identified the +1 robe of Catatonia {Int+2 Slay+3 Stlth-} (You found it on level 4 of the Dungeon)
  5488 | D:6      | Identified the +2 robe of the Mutiny {+Blink Int-5 Dex+2 Stlth+} (You found it on level 8 of the Dungeon)
  5488 | D:6      | Lost intelligence.
  5740 | D:6      | Noticed flestrin's ghost (novice OpCj)
  5748 | D:6      | Killed flestrin's ghost
  5895 | D:6      | Found a staircase to the Ecumenical Temple.
  6065 | D:5      | Found a blossoming altar of Fedhas.
  6204 | D:5      | Noticed beigtais's ghost (amateur DECj)
  6209 | D:5      | Killed beigtais's ghost
  6209 | D:5      | Reached XP level 10. HP: 97/97 MP: 9/9
  6834 | D:9      | Reached skill level 12 in Fighting
  6980 | D:9      | Found a shimmering altar of Xom.
  7348 | D:9      | Found a shattered altar of Ashenzari.
  7401 | D:9      | Reached ***** piety under Trog
  7814 | D:9      | Found a sparkling altar of Nemelex Xobeh.
  7820 | D:9      | Found a deep blue altar of Sif Muna.
  7906 | D:10     | Entered Level 10 of the Dungeon
  8138 | D:10     | Received a gift from Trog
  8144 | D:10     | Found a flagged portal.
  8158 | D:10     | Noticed Urug
  8174 | D:10     | Killed Urug
  8174 | D:10     | Reached skill level 13 in Fighting
  8435 | Bailey   | Entered a bailey
  8455 | Bailey   | Reached skill level 10 in Armour
  8727 | Bailey   | Reached XP level 11. HP: 61/107 MP: 10/10
  8737 | Bailey   | Received a gift from Trog
  9001 | Bailey   | Noticed an orc warlord
  9019 | Bailey   | Killed an orc warlord
  9601 | D:11     | Reached skill level 10 in Dodging
  9622 | D:11     | Found a staircase to the Lair.
  9733 | D:11     | Reached skill level 5 in Axes
  9960 | D:11     | Noticed a green ugly thing
  9968 | D:11     | Killed a green ugly thing
  9968 | D:11     | Reached skill level 14 in Fighting
 10265 | D:11     | Received a gift from Trog
 10859 | D:11     | Noticed a cyan ugly thing
 10869 | D:11     | Killed a cyan ugly thing
 10869 | D:11     | Reached XP level 12. HP: 102/117 MP: 11/11
 11406 | D:12     | Noticed Sonja
 11422 | D:12     | Killed Sonja
 11640 | D:12     | Reached skill level 10 in Axes
 11713 | D:12     | Found a staircase to the Orcish Mines.
 12064 | D:12     | Found a runed door.
 12104 | D:12     | Noticed a tengu warrior
 12104 | D:12     | Noticed an ettin
 12116 | D:12     | Killed an ettin
 12138 | D:12     | Killed a tengu warrior
 12601 | Lair:1   | Entered Level 1 of the Lair of Beasts
 12661 | Lair:1   | Noticed an eight-headed hydra
 12674 | Lair:1   | Killed a 16-headed hydra
 12831 | Lair:1   | Reached XP level 13. HP: 123/124 MP: 12/12
 13534 | Lair:2   | Received a gift from Trog
 13744 | Lair:2   | Reached skill level 10 in Shields
 13854 | Lair:2   | Noticed Erica
 13866 | Lair:2   | Killed Erica
 13916 | Lair:2   | Noticed Harold
 13932 | Lair:2   | Killed Harold
 13963 | Lair:2   | Found a dark tunnel.
 14005 | Volcano  | Entered a volcano
 14270 | Volcano  | Got a scorched leather armour
 14330 | Volcano  | Got a crystal mace
 14331 | Volcano  | Identified the cursed +1 mace of Laceration {crush, MP+9} (You found it in a volcano)
 14342 | Volcano  | Identified the +0 leather armour of the Stallion {+Blink rPois} (You found it in a volcano)
 15177 | Lair:3   | Noticed Gastronok
 15191 | Lair:3   | Killed Gastronok
 15209 | Lair:3   | Got an ichor-stained short sword
 15210 | Lair:3   | Identified the +10 short sword of Power {venom, Int+7} (You found it on level 3 of the Lair of Beasts)
 15240 | Lair:3   | Found a staircase to the Snake Pit.
 15652 | Lair:3   | Noticed Fannar
 15661 | Lair:3   | Reached XP level 14. HP: 125/132 MP: 13/13
 15674 | Lair:3   | Killed Fannar
 15983 | Lair:3   | Found a staircase to the Shoals.
 16330 | Lair:4   | Reached ****** piety under Trog
 16831 | Lair:5   | Reached skill level 15 in Shields
 16882 | Lair:4   | Received a gift from Trog
 16979 | Lair:5   | Noticed Thaneod's ghost (journeyman MiBe)
 17188 | Lair:5   | Killed Thaneod's ghost
 17982 | Lair:6   | Entered Level 6 of the Lair of Beasts
 18075 | Lair:6   | Found a viscous altar of Jiyva.
 18076 | Lair:6   | Found a staircase to the Slime Pits.
 18222 | Lair:6   | Received a gift from Trog
 18697 | Lair:6   | Found a large runed door.
 18767 | Lair:6   | Reached skill level 15 in Fighting
 18785 | Lair:6   | Found a large runed door.
 19303 | Orc:1    | Entered Level 1 of the Orcish Mines
 19303 | Orc:1    | Noticed Maurice
 19349 | Orc:1    | Killed Maurice
 19414 | Orc:1    | Found Cuatompo's Armour Boutique.
 19511 | Orc:1    | Found Dugif's Quality Used Wands.
 19599 | Orc:1    | Found a roughly hewn altar of Beogh.
 19620 | Orc:1    | Received a gift from Trog
 19804 | Orc:2    | Entered Level 2 of the Orcish Mines
 19890 | Orc:2    | Found a staircase to the Elven Halls.
 20072 | Orc:2    | Noticed Nessos
 20095 | Orc:2    | Killed Nessos
 20506 | Orc:2    | Reached XP level 15. HP: 131/141 MP: 14/14
 20827 | Orc:2    | Found Kufreow's Antique Armour Shoppe.
 20827 | Orc:2    | Found Poetisym's Antique Weapon Shoppe.
 20827 | Orc:2    | Found Podghura's Assorted Antiques.
 20830 | Orc:2    | Found Metojo Ewoph's Book Emporium.
 20848 | Orc:2    | Bought the +2 hat of the Bear Spirit {Spirit, +Rage rN+ MR++} for 1016 gold pieces
 20848 | Orc:2    | Bought a pair of runed gloves for 195 gold pieces
 21006 | Elf:1    | Entered Level 1 of the Elven Halls
 21213 | Elf:1    | Reached skill level 16 in Fighting
 21503 | Elf:1    | Received a gift from Trog
 21571 | Elf:1    | Found Telaej's Weapon Shoppe.
 21616 | Elf:1    | Noticed a deep elf sorcerer
 21633 | Elf:1    | Killed a deep elf sorcerer
 21961 | D:12     | Received a gift from Trog
 22473 | Elf:1    | Reached skill level 15 in Armour
 22519 | Elf:1    | Noticed a deep elf sorcerer
 22525 | Elf:1    | Killed a deep elf sorcerer
 22525 | Elf:1    | Reached skill level 17 in Fighting
 23019 | Elf:2    | Noticed Saint Roka
 23081 | Elf:1    | Killed Saint Roka
 23330 | Elf:2    | Found a runed gate.
 23330 | Elf:2    | Found a runed gate.
 23330 | Elf:2    | Found a runed gate.
 23380 | Elf:2    | Found Kappynualu's Antique Weapon Shoppe.
 23393 | Elf:2    | Received a gift from Trog
 23402 | Elf:2    | Reached XP level 16. HP: 146/157 MP: 5/15
 23546 | Elf:2    | Found Issebbu's Armour Shoppe.
 23721 | Elf:2    | Reached skill level 15 in Axes
 23928 | Elf:2    | Noticed Aizul
 23996 | Elf:1    | Reached skill level 18 in Fighting
 24284 | Elf:1    | Killed Aizul
 24855 | Elf:2    | Noticed Asterion
 24857 | Elf:2    | Noticed an Executioner
 24869 | Elf:2    | Killed Asterion
 25315 | Elf:2    | Reached skill level 19 in Fighting
 25659 | Snake:1  | Entered Level 1 of the Snake Pit
 25806 | Snake:1  | Received a gift from Trog
 26074 | Snake:1  | Reached XP level 17. HP: 150/168 MP: 16/16
 26075 | Snake:1  | Reached skill level 20 in Fighting
 26075 | Snake:1  | Reached XP level 18. HP: 159/178 MP: 17/17
 26666 | Snake:2  | Reached XP level 19. HP: 185/185 MP: 18/18
 27392 | Snake:3  | Found Epoal's Distillery.
 27539 | Snake:3  | Noticed manyhoops's ghost (adept DgAE)
 27568 | Snake:3  | Killed manyhoops's ghost
 27683 | Snake:3  | Received a gift from Trog
 28534 | Snake:4  | Entered Level 4 of the Snake Pit
 28564 | Snake:4  | Received a gift from Trog
 29258 | Snake:4  | Found Inaiw's Antique Armour Boutique.
 29258 | Snake:4  | Found Panwoimn's Jewellery Shop.
 29262 | Snake:4  | Found Cahotzut's Armour Boutique.
 29395 | Snake:4  | Received a gift from Trog
 29398 | Snake:4  | Got a crude hunting sling {god gift}
 29440 | Snake:4  | Reached skill level 21 in Fighting
 29640 | Snake:4  | Identified the +7 hunting sling of Killer Klown's Death {velocity, Dex+3} (Trog gifted it to you on level 4 of the Snake Pit)
 30237 | Snake:4  | Received a gift from Trog
 30423 | Snake:4  | Got a serpentine rune of Zot
 30628 | Shoals:1 | Entered Level 1 of the Shoals
 30700 | Shoals:1 | Reached XP level 20. HP: 174/198 MP: 17/19
 31590 | Shoals:2 | Noticed Polyphemus
 31599 | Shoals:2 | Reached skill level 22 in Fighting
 31603 | Shoals:2 | Killed Polyphemus
 32176 | Shoals:2 | Received a gift from Trog
 32884 | Shoals:4 | Entered Level 4 of the Shoals
 33057 | Shoals:4 | Reached skill level 23 in Fighting
 33502 | Shoals:4 | Noticed Ilsuiw
 33505 | Shoals:4 | Found Cezuce's Food Shoppe.
 33519 | Shoals:4 | Killed Ilsuiw
 33694 | Shoals:4 | Got a barnacled rune of Zot
 33878 | Shoals:4 | Reached skill level 24 in Fighting
 34377 | D:13     | Found a gate to the Vaults.
 35048 | D:14     | Received a gift from Trog
 35487 | D:14     | Found Ehirid's Armour Boutique.
 36057 | D:15     | Entered Level 15 of the Dungeon
 36175 | D:15     | Reached XP level 21. HP: 216/216 MP: 20/20
 36269 | D:15     | Noticed Josephine
 36280 | D:15     | Killed Josephine
 36288 | D:15     | Found a sacrificial altar of Ru.
 36322 | D:15     | Reached skill level 25 in Fighting
 36517 | D:15     | Found a staircase to the Depths.
 36684 | Elf:3    | Entered Level 3 of the Elven Halls
 37362 | Elf:3    | Found Atzifuf's Gadget Boutique.
 37362 | Elf:3    | Found Vagesaiss's Jewellery Shoppe.
 37363 | Elf:3    | Found Giquteif's Gadget Boutique.
 37370 | Elf:3    | Bought an uncursed ring of protection from magic for 300 gold pieces
 38754 | Elf:3    | Reached skill level 26 in Fighting
 38786 | Elf:3    | Got an uncursed encrusted flail {venom}
 38792 | Elf:3    | Got an uncursed slimy great sword {slice}
 38801 | Elf:3    | Identified the +9 flail of Fimbulwinter {venom, *Corrode rN+ Str+3} (You took it off a deep elf archer on level 3 of the Elven Halls)
 38807 | Elf:3    | Identified the +5 great sword of Thoughtfulness {slice, +Blink rF++ Int-3 SInv} (You took it off a deep elf archer on level 3 of the Elven Halls)
 38815 | Elf:3    | Got an ancient graven amulet
 38829 | Elf:3    | Identified the amulet "Killecides" {Harm *Corrode *Drain Int+5 Dex+4} (You found it on level 3 of the Elven Halls)
 38877 | Elf:3    | Received a gift from Trog
 38925 | Elf:3    | Gained mutation: You are clumsy. (Dex -2) [a neqoxec]
 40268 | Vaults:1 | Entered Level 1 of the Vaults
 40438 | Vaults:1 | Received a gift from Trog
 40803 | Vaults:1 | Found Suin's Food Boutique.
 41219 | Vaults:1 | Slain by a ghostly titanic slime creature

Skill      XL: |  1  2  3  4  5  6  7  8  9 10 11 12 13 14 15 16 17 18 19 20 21 |
---------------+----------------------------------------------------------------+-----
Fighting       | 4 5 7 8 9 10 11 13 14 15 17 19 20 21 24 26 | 26.3
Shields        | 1 6 7 14 15 17 | 17.5
Armour         | 5 7 10 11 13 16 17 | 17.6
Dodging        | 4 6 9 10 11 12 14 | 14.3
Axes           | 9 14 16 17 18 | 18.1

Action                   |  1- 3 |  4- 6 |  7- 9 | 10-12 | 13-15 | 16-18 | 19-21 || total
-------------------------+-------+-------+-------+-------+-------+-------+-------++-------
Melee: Hand axe          |    47 |   148 |    13 |   415 |   959 |    14 |       ||  1596
       Headbutt          |    11 |    33 |    45 |   138 |   304 |   114 |   571 ||  1216
       War axe           |       |       |   232 |   204 |    13 |   217 |  1797 ||  2463
       Mace              |       |       |       |       |    40 |       |       ||    40
       Broad axe         |       |       |       |       |   164 |   163 |   218 ||   545
Invok: Berserk           |     1 |       |     8 |     7 |     5 |     3 |     5 ||    29
       Trog's Hand       |       |       |     1 |     4 |    20 |     9 |    21 ||    55
       Burn Spellbooks   |       |       |     1 |     2 |     3 |     1 |     9 ||    16
       Brothers in Arms  |       |       |       |     2 |     2 |     2 |       ||     6
  Use: Scroll            |       |       |    10 |     6 |     9 |       |    18 ||    43
       Potion            |       |       |       |       |       |     2 |     6 ||     8
 Stab: Petrified         |       |       |       |       |       |       |     1 ||     1
  Eat: Chunk             |     1 |     7 |    15 |    29 |    26 |     1 |    27 ||   106
       Fruit             |       |       |     2 |     1 |     5 |       |     3 ||    11
       Royal jelly       |       |       |     1 |     1 |       |       |     3 ||     5
       Meat ration       |       |       |       |       |     4 |     3 |     6 ||    13
       Bread ration      |       |       |       |       |       |       |     2 ||     2
Armor: Animal skin       |     4 |       |       |       |       |       |       ||     4
       Chain mail        |    10 |    93 |    45 |       |       |       |       ||   148
       Plate armour      |       |       |   139 |   300 |   351 |   125 |   542 ||  1457
Dodge: Dodged            |    24 |    64 |   138 |   296 |   327 |    99 |   501 ||  1449
Block: Buckler           |       |       |   109 |   273 |       |       |       ||   382
       Reflection        |       |       |       |    14 |    31 |    23 |   326 ||   394
       Shield            |       |       |       |    38 |   708 |   281 |   573 ||  1600
       Large shield      |       |       |       |       |       |       |  1317 ||  1317
